 Dungeon Crawl Stone Soup version 0.25-a0-294-gea9b1ad378 (webtiles) character file.

Game seed: 5942489563566661982, levelgen mode: deterministic

23 Redear the Skirmisher (level 2, 0/24 HPs)
             Began as a Mummy Monk on Dec 18, 2019.
             Slain by a hobgoblin
             ... wielding a +0 club
              (5 damage)
             ... on level 2 of the Dungeon.
             The game lasted 00:01:20 (1315 turns).

Redear the Skirmisher (Mummy Monk)                  Turns: 1315, Time: 00:01:21

Health: 0/24       AC:  0    Str: 14    XL:     2   Next: 75%
Magic:  2/2        EV: 13    Int:  9    God:
Gold:   12         SH:  0    Dex: 14    Spells: 1/1 levels left

rFire    x . .     SeeInvis .     - Unarmed
rCold    + . .     Gourm    .   (no shield)
rNeg     + + +     Faith    .   (no armour)
rPois    ∞         Spirit   .   (no helmet)
rElec    .         Reflect  .   (no cloak)
rCorr    .         Harm     .   (no gloves)
MR       .....                  (no boots)
Stlth    ++........             (no amulet)
HPRegen  0.08/turn              (no ring)
MPRegen  0.08/turn              (no ring)

@: no status effects
A: no food or potions, fire vulnerability, cold resistance 1, negative energy
resistance 3, torment resistance, unbreathing
a: no special abilities


You were on level 2 of the Dungeon.
You were not hungry.

You visited 1 branch of the dungeon, and saw 2 of its levels.

You collected 12 gold pieces.

Inventory:

Jewellery
 s - an uncursed ring of see invisible {SInv}
Scrolls
 a - a scroll of identify {unknown}
 b - a scroll of noise {unknown}
 c - a scroll of blinking {unknown}
 d - 2 scrolls of teleportation {unknown}


   Skills:
 + Level 3.3 Fighting
 + Level 2.7 Dodging
 - Level 1.5 Stealth
 + Level 2.7 Unarmed Combat


You had one spell level left.
You didn't know any spells.
Your spell library was empty.

Dungeon Overview and Level Annotations

Branches:
Dungeon (2/15)

Altars:


Innate Abilities, Weirdness & Mutations

You do not eat or drink.
Your flesh is vulnerable to fire.
You are immune to poison.
Your flesh is cold resistant. (rC+)
You are immune to negative energy. (rN+++)
You are immune to unholy pain and torment.
You can survive without breathing.


Message History

You hit the orc but do no damage. The orc hits you with a +0 club.
You take 2 damage, and have 12/24 hp.
You hit the orc.
The orc is moderately wounded.
The adder hisses angrily.
The orc hits you with a +0 club. The adder closely misses you.
You take 3 damage, and have 9/24 hp.
You hit the orc.
You kill the orc!
The adder closely misses you.
You hit the hobgoblin but do no damage. The hobgoblin hits you with a +0 club.
* * * LOW HITPOINT WARNING * * *
The adder bites you.
* * * LOW HITPOINT WARNING * * *
You take 5 damage, and have 4/24 hp.
MASSIVE DAMAGE!!
You hit the hobgoblin but do no damage. The adder misses you.
The hobgoblin barely misses you.
You barely miss the hobgoblin. The adder misses you.
The hobgoblin hits you with a +0 club.
You die...

##### #......
####.## #.# #.##
#.## #(##
############# #.##
#.S...... ..# #.##
#@####..###.# #.##
#g#.......#.###.##
#g#.##.>#÷#!##...#
#.#.##..#.....g÷g.
#.g..g......##...#
###.###########.##
#.# #.# .#. #.# .#
#. #+#


You could see a gnoll, an adder and 2 hobgoblins.

Vanquished Creatures
  A dart slug (D:1)
  2 leopard geckos
  An orc (D:2)
  A giant cockroach (D:2)
  2 goblins
  2 hobgoblins
  A bat (D:1)
  A frilled lizard (D:1)
  4 kobolds
  4 rats
19 creatures vanquished.

Notes
Turn   | Place    | Note
-------+----------+-------------------------------------------
     0 | D:1      | Redear the Mummy Monk began the quest for the Orb.
     0 | D:1      | Reached XP level 1. HP: 18/18 MP: 1/1
   340 | D:1      | Reached XP level 2. HP: 3/24 MP: 2/2
  1315 | D:2      | Slain by a hobgoblin

Levels and vault maps discovered:
D:1:      scummos_arrival_star, layout_basic
D:2:      minmay_skewed_foursquare, layout_loops_corners, item_on_display_a

Action                   || total
-------------------------++-------
Melee: Unarmed           ||    86
 Stab: Sleeping          ||     2
Dodge: Dodged            ||    45

Table legend:
 A = Non-vault XP
 B = Vault XP
 C = Vault XP percentage of total XP
 D = Non-vault monster count
 E = Vault monster count
 F = Vault count percentage of total count
                 A         B        C        D         E       F
            +---------+---------+-------+---------+---------+-------
      Total |      27 |       7 |  20.6 |      16 |       3 |  15.8
            +---------+---------+-------+---------+---------+-------
        D:1 |      16 |       0 |   0.0 |       9 |       0 |   0.0
        D:2 |      11 |       7 |  38.9 |       7 |       3 |  30.0
            +---------+---------+-------+---------+---------+-------
